AoeStats
← Sebtoshi21

Migration

504233031Analyzed
1v1 RM · 28d ago on Sep 4, 2026· 34m 18s· 2 players
Game mode
Random Map
Map size
132×132
Population
200
Speed
Normal
Resources
Standard
Victory
Conquest
Starting age
Dark Age
Ending age
Imperial Age
RankedLock teamsTeams togetherTeam positionsShared explorationLock speedFull tech treeHidden civsTurbo modeCheats
Victory
Defeat
🇨🇳 Spanish · China
872
+17
🇨🇭 Portuguese · Switzerland
893
-17
小熊熊
11:53 Feudal Age
13:27 Fishing Lines
15:46 Loom
18:42 Castle Age
20:16 Medium Warships
21:19 Gillnets
21:55 Clinker Construction
25:55 Careening
26:08 Demolition Ship
Sebtoshi21
9:41 Loom
11:57 Feudal Age
12:50 Town Watch
14:46 Double-Bit Axe
21:33 Castle Age
22:28 Medium Warships
28:50 Bow Saw
31:21 Pikeman
Connection lost

Rejoining the realm…

Still unreachable

The connection could not be restored.

Session expired

The server has moved on; the page needs a fresh start.